 Dungeon Crawl Stone Soup version 0.20.1-1-g8b1a95d (webtiles) character file.

2998 vomix the Fighter (level 9, -5/89 HPs)
             Began as a Minotaur Berserker on Aug 10, 2017.
             Was an Elder of Trog.
             Slain by an orc warrior
             ... wielding a +0 trident
              (11 damage)
             ... on level 7 of the Dungeon.
             The game lasted 00:12:21 (7360 turns).

vomix the Fighter (Minotaur Berserker)              Turns: 7360, Time: 00:12:22

Health: -5/89      AC: 12    Str: 22    XL:     9   Next: 54%
Magic:  8/8        EV: 10    Int:  4    God:    Trog [****..]
Gold:   283        SH:  0    Dex: 13    Spells: 8/8 levels left

rFire    . . .     SeeInvis .   q - +0 war axe
rCold    . . .     Gourm    .   (no shield)
rNeg     . . .     Faith    .   y - +0 chain mail
rPois    .         Spirit   .   (helmet restricted)
rElec    .         Reflect  .   E - +0 cloak
rCorr    .         Harm     .   C - +0 pair of gloves
MR       .....                  s - +0 pair of boots
Stlth    ..........             (no amulet)
Regen    0.3/turn               B - +2 ring of evasion
MPRegen  0.2/turn               (no ring)

@: berserk cooldown, flying, slowed, very slow
A: retaliatory headbutt, horns 2
a: Berserk, Trog's Hand, Brothers in Arms, Burn Spellbooks, Renounce Religion


You were on level 7 of the Dungeon.
You worshipped Trog.
Trog was greatly pleased with you.
You were hungry.

You visited 2 branches of the dungeon, and saw 9 of its levels.
You also visited: Sewer.

You collected 283 gold pieces.

Inventory:

Hand Weapons
 q - a +0 war axe (weapon)
Missiles
 z - 4 steel javelins (quivered)
Armour
 l - a +2 leather armour of cold resistance
 s - a +0 pair of boots (worn)
 y - a +0 chain mail (worn)
 C - a +0 pair of gloves (worn)
 E - a +0 cloak (worn)
Jewellery
 B - a +2 ring of evasion (left hand)
Scrolls
 d - 3 scrolls of immolation {unknown}
 e - 2 scrolls of recharging {unknown}
 h - a scroll of enchant weapon {unknown}
 j - 4 scrolls of remove curse
 n - a scroll of fear {unknown}
 r - a scroll of noise {unknown}
 u - 4 scrolls of identify
 w - a scroll of enchant armour {unknown}
 x - 2 scrolls of teleportation {unknown}
Potions
 a - 2 potions of flight
 b - 2 potions of heal wounds {unknown}
 f - 2 potions of mutation {unknown}
 i - 4 potions of lignification {unknown}
 k - 9 potions of curing
 m - a potion of agility {unknown}
 o - 3 potions of might {unknown}
 p - a potion of haste {unknown}
 t - a potion of ambrosia {unknown}
 v - 2 potions of berserk rage
 F - a potion of magic {unknown}
Comestibles
 c - 2 bread rations
 g - 3 meat rations
 A - 3 chunks of flesh
 D - 6 fruits


   Skills:
 + Level 11.6 Fighting
 + Level 11.6 Axes
 - Level 2.4 Armour
 - Level 2.1 Dodging


You had 8 spell levels left.
You didn't know any spells.

Dungeon Overview and Level Annotations

Branches:
Dungeon (8/15)             Temple (1/1) D:5
   Lair: D:8-11

Altars:
Cheibriados
Dithmenos
Elyvilon
Fedhas
Gozag
Hepliaklqana
Kikubaaqudgha
Makhleb
Nemelex Xobeh
Okawaru
Qazlal
Ru
Sif Muna
Vehumet
Xom
Yredelemnul
Zin
The Shining One
Lugonu

Shops:
D:6 =}   D:8 :


Innate Abilities, Weirdness & Mutations

You reflexively headbutt those who attack you in melee.
You have a pair of horns on your head.


Message History

* * * LOW HITPOINT WARNING * * *
The orc warrior hits you but does no damage.
You hit the orc warrior but do no damage.
You headbutt the orc warrior.
The orc warrior is severely wounded.
You hit the orc. The orc completely misses you. You furiously retaliate!
You headbutt the orc.
You kill the orc!
Trog accepts your kill.
The orc warrior hits you with a trident.
* * * LOW HITPOINT WARNING * * *
You hit the orc warrior.
The orc warrior is severely wounded.
The orc warrior hits you with a trident!
* * * LOW HITPOINT WARNING * * *
It was a potion of flight.
You feel very buoyant.
You fly up into the air.
The orc warrior closely misses you.
The orc warrior hits you with a trident!
You die...

#.....#.....###...###.
####....(#...............
.......(.#..######...###.
##....((.#..# #...# #.
#.....(.#..######...###.
#.......................
#..###(.#..######.......
#..###).#..#### #...##..
#. #...@)...............
#......$o.>.............
#.##.#..#.#########.##..
# #.#..#.# #.##.#
#.#..#.# #. #.# . .... .
#..# . #..#


You could see an orc warrior.

Vanquished Creatures
  Joseph (D:7)
  The ghost of Frank the Sneak, a novice OpMo (D:5)
  Grinder (D:5)
  2 hungry ghosts
  A spriggan (D:7)
  A necrophage (D:7)
  An ogre (D:7)
  A phantom (D:5)
  A centaur (D:8)
  A big kobold (Sewer)
  4 bullfrogs
  A scorpion (D:7)
  3 crimson imps (D:7)
  2 centaur skeletons
  Crazy Yiuf (D:7)
  6 hounds
  2 orc priests
  4 orc wizards
  Terence (D:2)
  A bullfrog skeleton (D:4)
  4 worker ants
  A howler monkey zombie (D:7)
  12 adders
  A howler monkey skeleton (D:7)
  6 river rats (Sewer)
  A shadow imp (D:5)
  An ooze (D:2)
  2 adder zombies (D:8)
  2 dart slugs
  5 leopard geckos
  29 orcs
  A bat zombie (D:5)
  10 giant cockroaches
  5 goblins
  10 hobgoblins
  7 jackals (D:5)
  8 quokkas
  10 ball pythons
  9 bats
  4 frilled lizards
  17 kobolds
  A quokka skeleton (D:6)
  24 rats
  2 rat zombies (D:5)
208 creatures vanquished.

Vanquished Creatures (collateral kills)
  2 orc priests (D:8)
2 creatures vanquished.

Vanquished Creatures (others)
  An ooze (D:5)
  A worm (D:3)
  An orc (D:3)
3 creatures vanquished.

Grand Total: 213 creatures vanquished

Notes
Turn   | Place    | Note
-------+----------+-------------------------------------------
     0 | D:1      | vomix the Minotaur Berserker began the quest for the Orb.
     0 | D:1      | Reached XP level 1. HP: 19/19 MP: 0/0
   123 | D:1      | Reached XP level 2. HP: 27/27 MP: 1/1
   726 | D:2      | Reached XP level 3. HP: 23/34 MP: 2/2
   736 | D:2      | Reached ** piety under Trog
   861 | D:2      | Noticed Terence
   867 | D:2      | Killed Terence
   867 | D:2      | Reached skill level 5 in Fighting
   900 | D:2      | Reached XP level 4. HP: 42/42 MP: 3/3
  1228 | D:2      | Reached skill level 5 in Axes
  1915 | D:3      | Found a glowing drain.
  1918 | D:3      | Reached XP level 5. HP: 48/48 MP: 4/4
  1941 | Sewer    | Entered a sewer
  2416 | Sewer    | Reached *** piety under Trog
  2589 | Sewer    | Reached XP level 6. HP: 40/58 MP: 5/5
  3333 | D:3      | Found a radiant altar of Vehumet.
  3413 | D:3      | Found a snail-covered altar of Cheibriados.
  3530 | D:3      | Found a deep blue altar of Sif Muna.
  3640 | D:3      | Found a hazy altar of Hepliaklqana.
  3951 | D:4      | Reached **** piety under Trog
  4634 | D:4      | Reached XP level 7. HP: 66/66 MP: 6/6
  5008 | D:5      | Entered Level 5 of the Dungeon
  5075 | D:5      | Noticed Frank's ghost (novice OpMo)
  5083 | D:5      | Killed Frank's ghost
  5162 | D:5      | Found a stormy altar of Qazlal.
  5313 | D:5      | Noticed Grinder
  5314 | D:5      | Paralysed by Grinder for 3 turns
  5330 | D:5      | Killed Grinder
  5330 | D:5      | Reached XP level 8. HP: 78/78 MP: 7/7
  5350 | D:5      | Found a staircase to the Ecumenical Temple.
  5469 | D:5      | Found a white marble altar of Elyvilon.
  5471 | D:5      | Found a shadowy altar of Dithmenos.
  5471 | D:5      | Found a radiant altar of Vehumet.
  5473 | D:5      | Found a shimmering altar of Xom.
  5473 | D:5      | Found a shimmering altar of Xom.
  5473 | D:5      | Found an opulent altar of Gozag.
  5659 | D:5      | Found an ancient bone altar of Kikubaaqudgha.
  6017 | Temple   | Entered the Ecumenical Temple
  6075 | D:6      | Found Qywauc's Gadget Boutique.
  6124 | D:6      | Received a gift from Trog
  6156 | D:6      | Found a white marble altar of Elyvilon.
  6157 | D:6      | Found a glowing silver altar of Zin.
  6158 | D:6      | Found a glowing golden altar of the Shining One.
  6163 | D:6      | Found Surokh's Jewellery Emporium.
  6213 | D:6      | Found a sacrificial altar of Ru.
  6398 | D:6      | You fall through a shaft for 2 floors!
  6560 | D:8      | Found Tocal's Book Shoppe.
  6600 | D:8      | Reached skill level 10 in Fighting
  6611 | D:8      | Reached skill level 10 in Axes
  6990 | D:7      | Reached XP level 9. HP: 85/86 MP: 8/8
  7260 | D:7      | Found a runed door.
  7265 | D:7      | Noticed Crazy Yiuf
  7272 | D:7      | Killed Crazy Yiuf
  7339 | D:7      | Noticed Joseph
  7350 | D:7      | Killed Joseph
  7360 | D:7      | Slain by an orc warrior

Skill      XL: |  1  2  3  4  5  6  7  8  9 |
---------------+----------------------------+-----
Axes           | 4 5 6 7 9 10 11 | 11.6
Fighting       | 4 5 6 7 9 10 11 | 11.6
Armour         | |  2.4
Dodging        | |  2.1

Action                   |  1- 3 |  4- 6 |  7- 9 || total
-------------------------+-------+-------+-------++-------
Melee: Hand axe          |    54 |   130 |       ||   184
       Headbutt          |     6 |    29 |    34 ||    69
       War axe           |       |    85 |   199 ||   284
Invok: Berserk           |     1 |     1 |     9 ||    11
       Trog's Hand       |       |       |     4 ||     4
       Brothers in Arms  |       |       |     1 ||     1
  Use: Scroll            |       |       |     5 ||     5
       Potion            |       |       |     1 ||     1
 Stab: Sleeping          |       |     2 |       ||     2
  Eat: Chunk             |     1 |    13 |    17 ||    31
       Bread ration      |       |       |     1 ||     1
Armor: Animal skin       |    11 |       |       ||    11
       Leather armour    |     2 |    56 |    14 ||    72
       Chain mail        |       |       |    99 ||    99
Dodge: Dodged            |    33 |   173 |    89 ||   295
